 Dungeon Crawl Stone Soup version 0.16.1-2-g95b8d4c (webtiles) character file.

539 McCoppin the Cruncher (level 7, -1/60 HPs)
             Began as a Naga Gladiator on Mar 25, 2015.
             Slain by an ogre
             ... wielding a +0 giant spiked club
              (22 damage)
             ... on level 4 of the Dungeon.
             The game lasted 00:09:04 (3556 turns).

McCoppin the Cruncher (Naga Gladiator)              Turns: 3556, Time: 00:09:05

Health: -1/60      AC:  5    Str: 19    XL:     7   Next: 26%
Magic:  7/7        EV: 13    Int: 14    God:
Gold:   187        SH:  0    Dex: 11    Spells: 0 memorised, 6 levels left

rFire  . . .     SeeInvis +     a - +0 quarterstaff
rCold  . . .     Clarity  +     b - +0 leather armour
rNeg   . . .     SustAb   .     (no shield)
rPois  +         Gourm    .     c - +0 helmet
rElec  .         Spirit   .     j - +0 cloak
rCorr  .         Warding  .     (no gloves)
rMut   .         Stasis   .     (no barding)
MR     .....                    x - amulet of clarity
Stlth  +.........               (no ring)
                                t - +3 ring of evasion

@: brilliant, very slow, not resistant to hostile enchantments, very unstealthy
A: spit poison, see invisible, deformed body, poison resistance, slowness 2, AC
+2
a: Spit Poison


You were on level 4 of the Dungeon.
You were not hungry.

You visited 1 branch of the dungeon, and saw 4 of its levels.

You collected 187 gold pieces.

Inventory:

Hand weapons
 a - a +0 quarterstaff (weapon)
 y - a +0 blowgun
Missiles
 d - 3 throwing nets (quivered)
 k - 16 poisoned needles
 m - 3 curare-tipped needles
Armour
 b - a +0 leather armour (worn)
 c - a +0 helmet (worn)
 j - a +0 cloak (worn)
Jewellery
 t - a +3 ring of evasion (left hand)
 x - an amulet of clarity (around neck)
Scrolls
 e - 2 scrolls of magic mapping {unknown}
 g - 4 scrolls of identify {unknown}
 l - a scroll of random uselessness {unknown}
 n - a scroll of enchant weapon {unknown}
 q - 2 scrolls of teleportation {unknown}
 u - 4 scrolls of remove curse {unknown}
 v - 2 scrolls of fog {unknown}
Potions
 h - a potion of brilliance
 i - a potion of beneficial mutation {unknown}
 o - a potion of curing
 p - 2 potions of agility {unknown}
 z - a potion of restore abilities {unknown}
 A - 2 potions of heal wounds
 B - a potion of poison {unknown}
 D - a potion of invisibility {unknown}
Comestibles
 f - 5 bread rations
 r - 2 meat rations
 s - a slice of pizza
 w - a beef jerky
 C - a chunk of flesh


   Skills:
 - Level 2.0 Fighting
 + Level 8.1 Staves
 - Level 1.7 Throwing
 - Level 2.4 Dodging


You had 6 spell levels left.
You didn't know any spells.

Dungeon Overview and Level Annotations

Branches:
Dungeon (4/15)
 Temple: D:4-7

Altars:
Cheibriados
Dithmenos
Makhleb
Zin


Innate Abilities, Weirdness & Mutations

You cannot wear boots.
You can spit poison.
Your serpentine skin is tough (AC +2).
You have supernaturally acute eyesight.
Armour fits poorly on your strangely shaped body.
Your system is resistant to poisons.
You cover ground very slowly.


Message History

The giant frog hits you.
You hit the giant frog!
You kill the giant frog!
Your Staves skill increases to level 8!
You hit the ogre!
The ogre is moderately wounded.
The ogre closely misses you.
You hit the ogre.
The ogre is heavily wounded.
The orc priest calls down the wrath of Beogh upon you.
Something smites you!
You hit the ogre!
The ogre is almost dead.
The ogre barely misses you.
The orc priest calls down the wrath of Beogh upon you.
Something smites you!
You barely miss the ogre.
The ogre is almost dead.
The ogre hits you with a giant spiked club!!
You die...

#..........##.........#
######.......<........#
#......#r........# #
#......#......#### #
#......#.#....# #
#......#.####.# #
#......#.. .# #
#.....o##################
#....roO@................
#.....###################
#.....# # ####### # # # #
#


You could see an ogre, an orc priest, an orc and a rat.

Vanquished Creatures
  The ghost of Siriah the Insei, an average DrTm of Cheibriados (D:3)
  An ogre (D:4)
  An orc warrior (D:3)
  Sigmund (D:3)
  A giant frog (D:4)
  A worker ant (D:4)
  6 adders
  A giant mite (D:4)
  2 worms
  4 orcs
  A ball python (D:3)
  11 bats
  2 giant cockroaches
  4 goblins
  4 hobgoblins
  8 jackals (D:3)
  2 quokkas
  5 giant geckos
  3 giant newts
  5 kobolds
  7 rats
71 creatures vanquished.

Notes
Turn   | Place    | Note
--------------------------------------------------------------
     0 | D:1      | McCoppin, the Naga Gladiator, began the quest for the Orb.
     0 | D:1      | Reached XP level 1. HP: 19/19 MP: 1/1
   232 | D:1      | Reached XP level 2. HP: 13/26 MP: 2/2
   950 | D:1      | Reached skill level 4 in Staves
  1216 | D:2      | Reached XP level 3. HP: 27/32 MP: 3/3
  1524 | D:2      | Found a burning altar of Makhleb.
  1526 | D:2      | Found a glowing silver altar of Zin.
  1526 | D:2      | Noticed an angel
  1527 | D:2      | Noticed an Executioner
  1590 | D:2      | Reached XP level 4. HP: 23/39 MP: 4/4
  1976 | D:3      | Found a shadowy altar of Dithmenos.
  2096 | D:3      | Reached skill level 5 in Staves
  2118 | D:3      | Noticed Sigmund
  2145 | D:3      | Killed Sigmund
  2145 | D:3      | Reached XP level 5. HP: 20/45 MP: 5/5
  2327 | D:3      | Noticed Siriah's ghost (average DrTm)
  2357 | D:3      | Killed Siriah's ghost
  2357 | D:3      | Reached skill level 6 in Staves
  2357 | D:3      | Reached XP level 6. HP: 12/52 MP: 6/6
  2966 | D:3      | Found a snail-covered altar of Cheibriados.
  3138 | D:4      | Reached skill level 7 in Staves
  3354 | D:3      | Reached XP level 7. HP: 36/60 MP: 7/7
  3552 | D:4      | Reached skill level 8 in Staves
  3556 | D:4      | Slain by an ogre

Action                   |  1- 3 |  4- 6 |  7- 9 || total
-------------------------+-------+-------+-------++-------
Melee: Quarterstaff      |   124 |   160 |    17 ||   301
 Abil: Spit Poison       |       |     4 |     1 ||     5
  Use: Potion            |       |       |     3 ||     3
  Eat: Chunk             |     2 |     1 |     1 ||     4
       Meat ration       |       |     1 |       ||     1
